 Dungeon Crawl Stone Soup version 0.27-a0-1299-g1ab19c6527 (webtiles) character file.

Game seed: 4595346420790043424

46 snetch the Magician (level 3, -3/25 HPs)
             Began as a Djinni Hedge Wizard on June 16, 2021.
             Slain by a gnoll (5 damage)
             ... on level 2 of the Dungeon.
             The game lasted 00:05:38 (1952 turns).

snetch the Magician (Djinni Hedge Wizard)           Turns: 1952, Time: 00:05:39

Health: -3/25      AC:  2    Str:  9    XL:     3   Next: 95%
Gold:   86         EV: 12    Int: 16    God:
                   SH:  0    Dex: 12

rFire    + + .     SeeInvis .   i - +0 short sword
rCold    x . .     Faith    .   (no shield)
rNeg     . . .     Spirit   .   b - +0 robe
rPois    ∞         Reflect  .   c - +0 hat
rElec    .         Harm     .   (no cloak)
rCorr    .         Rampage  .   (no gloves)
Will     .....                  (boots unavailable)
Stlth    ++........             (no amulet)
HPRegen  0.08/turn              (no ring)
MPRegen  0.00/turn              (no ring)

@: flying
A: sickness immunity, fire resistance 2, cold vulnerability 1, float, innate
caster, hp casting, extra vitality 1
a: no special abilities


You were on level 2 of the Dungeon.
You visited 1 branch of the dungeon, and saw 3 of its levels.

You collected 86 gold pieces.

Inventory:

Hand Weapons
 a - a +0 dagger
 i - a +0 short sword (weapon)
Missiles
 j - 25 stones
Armour
 b - a +0 robe (worn)
 c - a +0 hat (worn)
 d - a +0 ring mail
 h - a +0 scale mail
Scrolls
 f - a scroll of identify {unknown}
Potions
 e - 4 potions of curing {unknown}
 g - a potion of haste {unknown}
 k - a potion of invisibility {unknown}
 l - a potion of mutation {unknown}


   Skills:
 + Level 2.8 Dodging
 + Level 1.8 Stealth
 + Level 3.2 Spellcasting


You couldn't memorise any spells.
You knew the following spells:

 Your Spells              Type           Power      Damage    Failure   Level
a - Magic Dart            Conj           52%        1d5       4%          1
b - Blink                 Tloc           N/A        N/A       7%          2
c - Call Imp              Summ           13%        N/A       7%          2
d - Slow                  Hex            13%        N/A       7%          2
e - Conjure Flame         Conj/Fire      13%        6-21      14%         3
f - Mephitic Cloud        Conj/Pois/Air  13%        N/A       14%         3
g - Summon Small Mammal   Summ           52%        N/A       4%          1
Your spell library was empty.

Dungeon Overview and Level Annotations

Branches:
Dungeon (3/15)

Altars:


Innate Abilities, Weirdness & Mutations

You are immune to sickness and miasma.
You are immune to poison.
Your flesh is very heat resistant. (rF++)
You are vulnerable to cold. (rC-)
You float through the air rather than walking.
You learn spells naturally, not from books.
Your magical power is your life essence.
You have superior vitality. (+4 HP)


Message History

* * * LOW HITPOINT WARNING * * *
The gnoll hits your shadow imp with a +0 spear.
Your shadow imp dies!
The gnoll shaman calls upon its god to heal the gnoll.
The gnoll's wounds heal themselves!
Your shadow imp barely misses the gnoll shaman.
Casting: Magic Dart (safe; 4% risk of failure)
Confirm with . or Enter, or press ? or * to list all spells.
A beastly little devil appears in a puff of frigid air.
* * * LOW HITPOINT WARNING * * *
The frilled lizard bites your shadow imp.
The gnoll shaman closely misses your shadow imp.
Your shadow imp hits the gnoll shaman.
The adder bites your shadow imp.
The gnoll shaman barely misses your shadow imp.
Your crimson imp blinks!
Your shadow imp hits the gnoll shaman.
Unknown command.
You are too injured to fight recklessly!
Aiming: Magic Dart (safe; 4% risk of failure)
Press: ? - help, Q - select action, (/) - cycle Shift-Dir - straight line, f - gnoll
Aim: a gnoll, wielding a +0 whip (100% to hit)
The magic dart hits the gnoll.
The gnoll is lightly wounded.
* * * LOW HITPOINT WARNING * * *
The adder barely misses your shadow imp.
The gnoll shaman calls upon its god to heal the gnoll.
The gnoll's wounds heal themselves!
Your crimson imp hits the gnoll but does no damage.
The adder bites your shadow imp.
Your shadow imp dies!
The gnoll shaman hits your white imp with a +0 club.
Your white imp hits the gnoll shaman.
Your white imp freezes the gnoll shaman.
Casting: Magic Dart (safe; 4% risk of failure)
Confirm with . or Enter, or press ? or * to list all spells.
A metallic apparition takes form in the air.
* * * LOW HITPOINT WARNING * * *
The gnoll hits you with a +0 whip.
You die...

#...##..#....... .
#.####..............#
#
...........##.........
#..............##..##.
###.)....##.....# #.#
................##..#
.......†5...........
#...g....>.....###
..#...S.lg@.........
....5..J..#..#######
.....g5...#.##
..######.##.# #.#..#
#...## ## ##.. #. ...
######. .### ........


You could see a gnoll shaman (ally target), 2 gnolls, an adder, an endoplasm, a
frilled lizard, a friendly iron imp (summoned), a friendly crimson imp
(summoned) and a friendly white imp (summoned).

Vanquished Creatures
  A worm (D:2)
  A dart slug (D:1)
  A giant cockroach (D:1)
  6 goblins (D:1)
  4 hobgoblins
  2 quokkas
  4 ball pythons (D:1)
  3 bats
  A frilled lizard (D:1)
  2 kobolds (D:1)
  4 rats (D:1)
29 creatures vanquished.

Vanquished Creatures (collateral kills)
  An adder (D:2)
  A gnoll (D:2)
  An endoplasm (D:1)
  A ball python (D:1)
4 creatures vanquished.

Grand Total: 33 creatures vanquished

Notes
Turn   | Place    | Note
-------+----------+-------------------------------------------
     0 | D:1      | snetch the Djinni Hedge Wizard began the quest for the Orb.
     0 | D:1      | Reached XP level 1. HP: 15/15 MP: 0/0
   338 | D:1      | Reached XP level 2. HP: 18/21 MP: 0/0
  1106 | D:1      | Reached skill level 3 in Spellcasting
  1106 | D:1      | Reached XP level 3. HP: 22/25 MP: 0/0
  1106 | D:1      | Learned a level 1 spell: Summon Small Mammal
  1952 | D:2      | Slain by a gnoll

Illustrated notes

Levels and vault maps discovered:
D:1:      lightli_arrival_statue_moat, layout_loops_ring
D:2:      layout_rooms
D:3:      layout_basic, fedhas_altar_2, gammafunk_ghost_necromancy,
          shapermc_ecumenical_altar_flowoftime, fountainhead

Skill      XL: |  1  2 |
---------------+-------+-----
Spellcasting   | 3 |  3.2
Dodging        | |  2.8
Stealth        | |  1.8

Action                   || total
-------------------------++-------
Melee: Dagger            ||     1
 Cast: Magic Dart        ||    60
       Call Imp          ||    12
Dodge: Dodged            ||     9

Table legend: (Time is in decaauts)
 A = Elapsed time spent in this place.
 B = Non-inter-level travel time spent in this place.
 C = Inter-level travel time spent in this place.
 D = Time resting spent in this place.
 E = Time spent auto-exploring this place.
 F = Levels seen in this place.
 G = Mean time per level.
                   A        B        C        D        E       F      G
               +--------+--------+--------+--------+--------+-----+--------+
         Total |   1955 |   1887 |     68 |    116 |   1500 |   3 |  651.7 |
       Dungeon |   1955 |   1887 |     68 |    116 |   1500 |   3 |  651.7 |
               +--------+--------+--------+--------+--------+-----+--------+

Top non-repeatable levels by time:
     D:1: 1683 daAuts
     D:2: 268 daAuts
     D:3: 4 daAuts
